 Dungeon Crawl Stone Soup version 0.27-a0-1555-g0e7b3fb1d2 (webtiles) character file.

Game seed: 17285275098837739562

12 blackman the Skirmisher (level 2, -2/24 HPs)
             Began as a Human Wanderer on July 14, 2021.
             Was a Follower of Wu Jian.
             Slain by a hobgoblin (3 damage)
             ... on level 1 of the Dungeon.
             The game lasted 00:01:18 (261 turns).

blackman the Skirmisher (Human Wanderer)             Turns: 261, Time: 00:01:18

Health: -2/24      AC:  2    Str: 13    XL:     2   Next: 45%
Magic:  2/2        EV: 11    Int: 10    God:    Wu Jian [*.....]
Gold:   17         SH:  0    Dex: 13    Spells: 1/1 levels left

rFire    . . .     SeeInvis .   a - +2 hand crossbow
rCold    . . .     Faith    .   (no shield)
rNeg     . . .     Spirit   .   c - +0 robe
rPois    .         Reflect  .   (no helmet)
rElec    .         Harm     .   (no cloak)
rCorr    .         Rampage  .   (no gloves)
Will     .....                  (no boots)
Stlth    ++........             (no amulet)
HPRegen  0.08/turn              (no ring)
MPRegen  0.08/turn              (no ring)

@: no status effects
A: no striking features
a: Renounce Religion


You were on level 1 of the Dungeon.
You worshipped Wu Jian.
Wu Jian was aware of your devotion.
You visited 1 branch of the dungeon, and saw 1 of its levels.

You collected 17 gold pieces.

Inventory:

Hand Weapons
 a - a +2 hand crossbow (weapon)
 d - a +0 dagger
Missiles
 b - 14 bolts (quivered ammo)
Armour
 c - a +0 robe (worn)
Jewellery
 g - a ring of willpower
Scrolls
 e - a scroll of fear {unknown}
 f - a scroll of brand weapon {unknown}
Potions
 h - a potion of curing {unknown}


   Skills:
 - Level 3.0 Fighting
 - Level 1.0(1.2) Axes
 - Level 1.0(1.2) Maces & Flails
 * Level 2.6 Crossbows
 - Level 2.0 Armour
 - Level 2.0 Stealth


You had one spell level left.
You didn't know any spells.
Your spell library contained the following spells:

 Spells                   Type           Power      Damage    Failure   Level
 Sandblast                Erth           0%         2d4       36%         1
 Stone Arrow              Conj/Erth      0%         3d7       75%         3


Dungeon Overview and Level Annotations

Branches:
Dungeon (1/15)

Altars:
Wu Jian


Message History

You shoot a bolt. The bolt closely misses the quokka.
The quokka bites you but does no damage.
The quokka barely misses you.
You shoot a bolt. The bolt hits the quokka.
The quokka is severely wounded.
The quokka bites you. The quokka closely misses you. The hobgoblin hits you.
You see here a +0 ring mail of poison resistance.
You shoot a bolt. The bolt hits the quokka!
You kill the quokka!
The Council accepts your kill. The hobgoblin hits you.
You are too injured to fight recklessly!
You are too injured to fight recklessly!
You are too injured to fight recklessly!
You are too injured to fight recklessly!
Fire: 18 bolts
Press: ? - help, Q - select action Shift-Dir - straight line, f - hobgoblin
Aim: a hobgoblin (65% to hit)
You shoot a bolt. The bolt closely misses the hobgoblin.
The hobgoblin barely misses you. The hobgoblin hits you.
Fire: 17 bolts
Press: ? - help, Q - select action Shift-Dir - straight line, f/p - hobgoblin
Aim: a hobgoblin (65% to hit)
You shoot a bolt. The bolt closely misses the hobgoblin.
The hobgoblin hits you.
* * * LOW HITPOINT WARNING * * *
Fire: 16 bolts
Press: ? - help, Q - select action Shift-Dir - straight line, f/p - hobgoblin
Aim: a hobgoblin (65% to hit)
You shoot a bolt. The bolt closely misses the hobgoblin.
The hobgoblin hits you.
* * * LOW HITPOINT WARNING * * *
The hobgoblin barely misses you.
Fire: 15 bolts
Press: ? - help, Q - select action Shift-Dir - straight line, f/p - hobgoblin
Aim: a hobgoblin (65% to hit)
You shoot a bolt. The bolt closely misses the hobgoblin.
The hobgoblin hits you.
You die...

.# ...# ##.........##
.# ..# ##.#.(.....#.#
.# ##..
#..........##.# .# #.#
#.###†......# .# .#
#.# ## #..###.## # ###
###. ## #.#.#.####.#
..## #...###.#
#..........# #..#
#....#.####.#...####.#
##'#
#.#...#@...##........#
≈≈##
......g(...#######...#
.≈ ........#..(##
##...## .≈
........##...###...##
.≈
#..(.(...##...^...##
## ###(....# ##.._..##
#..$..# ##...##
###..(# #...# .# #..##
#...# .##.#


You could see a hobgoblin.

Vanquished Creatures
  A dart slug (D:1)
  An endoplasm (D:1)
  A giant cockroach (D:1)
  A goblin (D:1)
  A kobold (D:1)
  3 quokkas (D:1)
8 creatures vanquished.

Notes
Turn   | Place    | Note
-------+----------+-------------------------------------------
     0 | D:1      | blackman the Human Wanderer began the quest for the Orb.
     0 | D:1      | blackman set off with the following items: a +2 hand
                  | crossbow, 25 bolts, a +0 robe, a +0 dagger; and the
                  | following spells available to memorise: Sandblast, Stone
                  | Arrow
     0 | D:1      | Reached XP level 1. HP: 18/18 MP: 1/1
   146 | D:1      | Reached skill level 1 in Axes
   146 | D:1      | Reached XP level 2. HP: 24/24 MP: 2/2
   168 | D:1      | Found a faded altar of an unknown god.
   180 | D:1      | Became a worshipper of the Wu Jian Council
   180 | D:1      | Reached * piety under Wu Jian
   260 | D:1      | HP: 1/24 [hobgoblin (3)]
   261 | D:1      | Slain by a hobgoblin

Illustrated notes

Levels and vault maps discovered:
D:1:      saegor_arrival_simple_d, layout_loops_ring, serial_rivers,
          chequers_serial_rivers_marsh, chequers_serial_rivers_small_3,
          chequers_serial_rivers_large_a, chequers_serial_rivers_marsh,
          chequers_serial_rivers_room_a, hellmonk_ecumenical_altar_crossroads

Skill      XL: |  1 |
---------------+----+-----
Axes           | 1 |  1.0
Fighting       | |  3.0
Maces & Flails | |  1.0
Crossbows      | |  2.6
Armour         | |  2.0
Stealth        | |  2.0

Action                   || total
-------------------------++-------
 Fire: Hand crossbow     ||    21
Armor: Robe              ||     1
Dodge: Dodged            ||     6

Table legend: (Time is in decaauts)
 A = Elapsed time spent in this place.
 B = Non-inter-level travel time spent in this place.
 C = Inter-level travel time spent in this place.
 D = Time resting spent in this place.
 E = Time spent auto-exploring this place.
 F = Levels seen in this place.
 G = Mean time per level.
                   A        B        C        D        E       F      G
               +--------+--------+--------+--------+--------+-----+--------+
         Total |    270 |    245 |     25 |      0 |    188 |   1 |  270.0 |
       Dungeon |    270 |    245 |     25 |      0 |    188 |   1 |  270.0 |
               +--------+--------+--------+--------+--------+-----+--------+

Top non-repeatable levels by time:
     D:1: 270 daAuts
